 Dungeon Crawl Stone Soup version 0.27-a0-1081-ge8a0a9c698 (webtiles) character file.

Game seed: 15399620264860297936

401 voltaire321 the Ducker (level 6, 0/46 HPs)
             Began as a Djinni Gladiator on Apr 26, 2021.
             Slain by a gnoll
             ... wielding a +0 halberd
              (14 damage)
             ... on level 4 of the Dungeon.
             The game lasted 00:09:41 (2420 turns).

voltaire321 the Ducker (Djinni Gladiator)           Turns: 2420, Time: 00:09:41

Health: 0/46       AC:  7    Str: 13    XL:     6   Next: 85%
Gold:   74         EV: 13    Int: 13    God:
                   SH:  0    Dex: 16

rFire    + + .     SeeInvis .   a - +0 long sword
rCold    x . .     Faith    .   (no shield)
rNeg     . . .     Spirit   .   b - +0 leather armour
rPois    ∞         Reflect  .   k - +2 helmet {Int+3}
rElec    .         Harm     .   q - +0 cloak
rCorr    .         Rampage  .   (no gloves)
Will     .....                  (boots unavailable)
Stlth    +.........             f - amulet of the acrobat
HPRegen  0.15/turn              (no ring)
MPRegen  0.00/turn              (no ring)

@: flying
A: fire resistance 2, cold vulnerability 1, float, innate caster, hp casting,
extra vitality 1
a: no special abilities


You were on level 4 of the Dungeon.
You visited 1 branch of the dungeon, and saw 4 of its levels.

You collected 74 gold pieces.

Inventory:

Hand Weapons
 a - a +0 long sword (weapon)
Missiles
 d - 2 throwing nets
 h - 16 poisoned darts (quivered)
Armour
 b - a +0 leather armour (worn)
 k - a +2 helmet of intelligence (worn)
 q - a +0 cloak (worn)
Jewellery
 f - an amulet of the acrobat (around neck)
Scrolls
 c - a scroll of fear {unknown}
 g - a scroll of fog {unknown}
 l - 2 scrolls of teleportation {unknown}
 o - 2 scrolls of identify {unknown}
 p - a scroll of blinking {unknown}
Potions
 j - 2 potions of curing
 m - a potion of might {unknown}
 n - a potion of cancellation {unknown}


   Skills:
 + Level 3.6 Fighting
 + Level 3.9 Long Blades
 + Level 2.5 Throwing
 + Level 4.7 Dodging
 + Level 2.3 Spellcasting


You had 6 spell levels left.
You knew the following spells:

 Your Spells              Type           Power      Damage    Failure   Level
a - Animate Skeleton      Necr           14%        N/A       12%         1
b - Slow                  Hex            7%         N/A       19%         2
Your spell library was empty.

Dungeon Overview and Level Annotations

Branches:
Dungeon (4/15)
 Temple: D:4-7

Altars:


Innate Abilities, Weirdness & Mutations

You are immune to poison.
Your flesh is very heat resistant. (rF++)
You are vulnerable to cold. (rC-)
You float through the air rather than walking.
You learn spells naturally, not from books.
Your magical power is your life essence.
You have superior vitality. (+4 HP)


Message History

You barely miss the centaur.
The centaur is severely wounded.
The centaur hits you but does no damage.
The centaur kicks you but does no damage.
The goblin barely misses you. The gnoll closely misses you.
The centaur hits you. The centaur barely misses you.
You slash the centaur!
You kill the centaur!
The goblin hits you but does no damage. The gnoll hits you but does no damage.
The goblin barely misses you.
You riposte.
You hit the goblin but do no damage.
Items here: ( ))) [.
You miss the goblin. The goblin hits you but does no damage.
The gnoll barely misses you.
You hit the goblin but do no damage. The goblin hits you but does no damage.
The gnoll barely misses you.
You hit the goblin.
The goblin is heavily wounded.
The goblin closely misses you.
The gnoll hits you from afar with a +0 halberd.
You hit the goblin.
The goblin is severely wounded.
The goblin hits you with a +0 dagger.
The gnoll hits you from afar with a +0 halberd.
You hit the goblin.
You kill the goblin!
The gnoll misses you. The gnoll hits you with a +0 halberd.
Items here: ( )) †.
You hit the gnoll.
The gnoll is heavily wounded.
The gnoll closely misses you.
You riposte.
You barely miss the gnoll.
The gnoll is heavily wounded.
The gnoll misses you.
You hit the gnoll.
The gnoll is heavily wounded.
The gnoll hits you with a +0 halberd.
You hit the gnoll.
The gnoll is almost dead.
The gnoll hits you with a +0 halberd!
You die...

#......#.......
#......#>.>...... ..
#.......>....... ...
#.......##.....#....
##..#..### #..#..##
..........####.......
##.#..................
#.........###........
#.........)@g.##..
.....###.######
.......#.# #
....##.#g##..gg
...g.o.g....#
...........##
...............
...............
.##.##.......J..


You could see a gnoll.

Vanquished Creatures
  2 centaurs (D:4)
  A hound (D:3)
  A centaur skeleton (D:3)
  An orc wizard (D:3)
  A hound skeleton (D:4)
  5 adders
  A gnoll (D:4)
  An adder skeleton (D:4)
  2 dart slugs
  3 orcs
  4 ball pythons
  8 bats
  5 endoplasms
  4 giant cockroaches
  7 goblins
  2 hobgoblins
  11 jackals
  4 quokkas
  5 kobolds
  9 rats
77 creatures vanquished.

Vanquished Creatures (collateral kills)
  A dart slug (D:2)
  An orc (D:3)
2 creatures vanquished.

Vanquished Creatures (others)
  A plant (D:4)
1 creature vanquished.

Grand Total: 80 creatures vanquished

Notes
Turn   | Place    | Note
-------+----------+-------------------------------------------
     0 | D:1      | voltaire321 the Djinni Gladiator began the quest for the
                  | Orb.
     0 | D:1      | Reached XP level 1. HP: 18/18 MP: 0/0
   157 | D:1      | Reached XP level 2. HP: 20/23 MP: 0/0
   776 | D:2      | Reached XP level 3. HP: 28/29 MP: 0/0
   776 | D:2      | Learned a level 1 spell: Animate Skeleton
   777 | D:2      | Reached skill level 1 in Spellcasting
  1089 | D:2      | Reached XP level 4. HP: 17/34 MP: 0/0
  1665 | D:3      | Reached skill level 4 in Dodging
  1673 | D:3      | Reached XP level 5. HP: 40/40 MP: 0/0
  1673 | D:3      | Learned a level 2 spell: Slow
  1875 | D:3      | Found a faded altar of an unknown god.
  2343 | D:4      | Reached XP level 6. HP: 44/46 MP: 0/0
  2387 | D:4      | HP: 1/46 [gnoll/+0 halberd (8)]
  2420 | D:4      | Slain by a gnoll

Illustrated notes

Levels and vault maps discovered:
D:1:      minmay_arrival_cross, layout_basic
D:2:      layout_rooms, st_stairs_7
D:3:      layout_rooms, chequers_ecumenical_altar_island,
          kennysheep_generic_room_10
D:4:      kennysheep_kobold_camp, layout_rooms, jmf_multi_god_temple,
          minmay_manual_mares, uniq_ijyb

Skill      XL: |  1  2  3  4  5  6 |
---------------+-------------------+-----
Long Blades    | 3 |  3.9
Spellcasting   | 1 2 |  2.3
Dodging        | 4 |  4.7
Throwing       | 2 |  2.5
Fighting       | 3 |  3.6

Action                   |  1- 3 |  4- 6 || total
-------------------------+-------+-------++-------
Melee: Long sword        |    99 |   148 ||   247
Throw: Throwing net      |       |     1 ||     1
 Cast: Animate Skeleton  |     2 |     2 ||     4
  Use: Scroll            |     1 |       ||     1
       Potion            |       |     4 ||     4
 Stab: Sleeping          |     2 |     1 ||     3
Armor: Leather armour    |    30 |    96 ||   126
Dodge: Dodged            |    78 |   232 ||   310
       Rpst.: Long sword |    22 |    52 ||    74

Table legend: (Time is in decaauts)
 A = Elapsed time spent in this place.
 B = Non-inter-level travel time spent in this place.
 C = Inter-level travel time spent in this place.
 D = Time resting spent in this place.
 E = Time spent auto-exploring this place.
 F = Levels seen in this place.
 G = Mean time per level.
                   A        B        C        D        E       F      G
               +--------+--------+--------+--------+--------+-----+--------+
         Total |   2479 |   2434 |     45 |    353 |   1275 |   4 |  619.8 |
       Dungeon |   2479 |   2434 |     45 |    353 |   1275 |   4 |  619.8 |
               +--------+--------+--------+--------+--------+-----+--------+

Top non-repeatable levels by time:
     D:2: 820 daAuts
     D:3: 779 daAuts
     D:1: 762 daAuts
     D:4: 117 daAuts
